 Dungeon Crawl Stone Soup version 0.30.1-5-ged363bc7ee (webtiles) character file.

Game seed: 3566231558189901189

2612 Kurtz the Cleaver (level 9, 0/50 HPs)
             Began as a Tengu Fighter on Sept 19, 2023.
             Was a Believer of Okawaru.
             Shot with a bolt by an orc (11 damage)
             ... in a bailey on Sept 20, 2023.
             The game lasted 00:08:48 (7408 turns).

Kurtz the Cleaver (Tengu Fighter)                   Turns: 7408, Time: 00:08:48

Health: 0/50       AC:  8    Str: 20    XL:     9   Next: 60%
Magic:  9/10       EV: 12    Int:  9    God:    Okawaru [**....]
Gold:   324        SH:  5    Dex: 14    Spells: 8/8 levels left

rFire   . . .        e - +1 war axe (flame)
rCold   + . .        c - +0 buckler
rNeg    . . .        A - +0 swamp dragon scales
rPois   +            (helmet restricted)
rElec   .            (no cloak)
rCorr   +            (no gloves)
SInv    .            (boots unavailable)
Will    .....        (no amulet)
Stlth   +            y - ring of protection from cold
HPRegen 0.28/turn    h - ring of resist corrosion
MPRegen 0.12/turn

%: no passive effects
@: flying quickly and evasively, quick
A: beak, talons 3, nimble flight
a: Renounce Religion, Heroism


You were in a bailey.
You worshipped Okawaru.
Okawaru was pleased with you.
You visited 2 branches of the dungeon, and saw 8 of its levels.
You also visited: Bailey.

You collected 394 gold pieces.
You spent 70 gold pieces at shops.

Inventory:

Hand Weapons
 a - a +0 war axe
 e - a +1 war axe of flaming (weapon)
 f - a +1 heavy hand axe
 r - a +3 flail
Missiles
 i - 11 poisoned darts (quivered)
Armour
 b - a +0 scale mail
 c - a +0 buckler (worn)
 d - a +0 chain mail
 u - a +3 chain mail
 A - +0 swamp dragon scales (worn)
Jewellery
 h - a ring of resist corrosion (right hand)
 y - a ring of protection from cold (left hand)
Wands
 j - a wand of charming (11)
 w - a wand of acid (1)
 z - a wand of flame (1)
Scrolls
 k - 8 scrolls of identify {unknown}
 l - a scroll of immolation {unknown}
 m - 2 scrolls of magic mapping
 n - 2 scrolls of poison {unknown}
 q - 3 scrolls of teleportation {unknown}
 s - a scroll of fog {unknown}
Potions
 g - 2 potions of curing
 o - 2 potions of cancellation {unknown}
 p - 2 potions of invisibility {unknown}
 t - a potion of might
 v - a potion of lignification {unknown}
 x - a potion of attraction {unknown}


   Skills:
 - Level 3.0 Fighting
 * Level 13.9 Axes
 - Level 3.2 Armour
 - Level 3.0 Shields


You had 8 spell levels left.
You didn't know any spells.
Your spell library contained the following spells:

 Spells                   Type           Power      Damage    Failure   Level
 Magic Dart               Conj           0%         1d3       63%         1
 Gell's Gravitas          Tloc           0%         N/A       94%         3
 Mephitic Cloud           Conj/Pois/Air  0%         N/A       94%         3
 Teleport Other           Tloc           0%         N/A       94%         3
 Dispersal                Tloc           0%         N/A       100%        6
 Call Imp                 Summ           Unusable   N/A       N/A         2

Dungeon Overview and Level Annotations

Branches:
Dungeon (7/15)             Temple (1/1) D:5          Bailey (1/1)

Altars:
Ashenzari
Cheibriados
Elyvilon
Fedhas
Gozag
Hepliaklqana
Kikubaaqudgha
Makhleb
Nemelex Xobeh
Okawaru
Sif Muna
Uskayaw
Vehumet
Wu Jian
Xom
Yredelemnul
Zin
The Shining One

Shops:
D:4 (   D:7 !

Annotations:
D:4 1 runed translucent door, boopmooplesden's ghost, amateur DgGl
Temple 2 transporters


Innate Abilities, Weirdness & Mutations

You have a beak for a mouth.
You have claws for feet.
Your magical nature lets you fly swiftly and evasively.


Message History

The orc shoots a bolt.
The bolt barely misses you.
The bolt closely misses the orc.
The orc unwields a +0 arbalest.
You block the orc's attack.
The orc warrior unwields a +0 arbalest.
The orc warrior misses you.
The orc unwields a +0 arbalest.
The orc misses you.
You closely miss the orc warrior. You barely miss the orc. You hit the orc.
You burn the orc.
The orc warrior hits you but does no damage.
The orc hits you but does no damage.
You slash the orc warrior! You burn the orc warrior.
Your kick misses the orc warrior.
The orc warrior is moderately wounded.
You slash the orc! You burn the orc.
You kill the orc!
Okawaru accepts your kill.
You hit the orc but do no damage. You slash the orc warrior!
You burn the orc warrior.
You claw the orc warrior, but do no damage.
The orc warrior is severely wounded.
You closely miss the orc. The orc closely misses you.
You block the orc warrior's attack.
You closely miss the orc warrior. You claw the orc warrior.
The orc warrior is almost dead.
You barely miss the orc. The orc warrior misses you.
The orc completely misses you.
You hit the orc warrior. You burn the orc warrior.
You kill the orc warrior!
Okawaru accepts your kill.
You hit the orc. You burn the orc.
You kill the orc!
Okawaru accepts your kill.
The orc shoots a bolt.
The bolt hits you!
Items here: )) [[ ††.
The orc shoots a bolt.
The bolt hits you!
* * * LOW HITPOINT WARNING * * *
Things that are here:
a +0 arbalest; a +0 ring mail You feel like a meek peon again.
The orc shoots a bolt.
The bolt hits you!
You die...

#....o.......#
#............#
#............#
#............#
#............#
##............#
#.............#
##.............#
##...@)..)......#
####...≈≈≈)≈≈).....#
#.....o≈##.#≈≈.....#
.......≈#∩.##≈.....#
.......oo...#≈.....#
.......≈##.##≈.....#
.......≈≈###≈≈.....#
........≈≈≈≈≈......#
............o......#


You could see 2 orcs.

Vanquished Creatures
  An ugly thing (D:7)
  Maggie (D:7)
  2 water moccasins
  An ice beast (D:7)
  A black bear (D:6)
  3 orc warriors (Bailey)
  2 bullfrogs
  4 scorpions
  4 killer bees (D:4)
  2 howler monkeys
  4 orc priests (D:5)
  3 hounds
  3 sleepcaps
  Ijyb (D:3)
  3 orc wizards
  7 adders
  A shadow imp (D:7)
  A white imp (D:5)
  2 ufetubi (D:4)
  A worm (D:2)
  3 dart slugs
  37 orcs
  5 bats
  6 endoplasms
  6 giant cockroaches
  9 goblins
  9 hobgoblins
  8 jackals
  8 kobolds
  2 quokkas
  11 ball pythons
  6 frilled lizards
  6 rats
163 creatures vanquished.

Notes
Turn   | Place    | Note
-------+----------+-------------------------------------------
     0 | D:1      | Kurtz the Tengu Fighter began the quest for the Orb.
     0 | D:1      | Reached XP level 1. HP: 14/14 MP: 2/2
    69 | D:1      | Reached XP level 2. HP: 19/19 MP: 3/3
    72 | D:1      | Reached skill level 3 in Axes
   497 | D:2      | Reached skill level 4 in Axes
   497 | D:2      | Reached XP level 3. HP: 21/23 MP: 4/4
   963 | D:3      | Reached XP level 4. HP: 15/28 MP: 5/5
  1333 | D:3      | Noticed Ijyb
  1345 | D:3      | Killed Ijyb
  1346 | D:3      | Reached skill level 5 in Axes
  1484 | D:3      | Found a faded altar of an unknown god.
  1639 | D:3      | Noticed a scorpion
  1643 | D:3      | Killed a scorpion
  1644 | D:3      | Reached skill level 6 in Axes
  1644 | D:3      | Gained mutation: Your magical nature lets you fly swiftly
                  | and evasively. [Tengu growth]
  1644 | D:3      | Reached XP level 5. HP: 30/32 MP: 6/6
  2170 | D:4      | Reached XP level 6. HP: 32/37 MP: 7/7
  2218 | D:4      | Reached skill level 7 in Axes
  2500 | D:4      | Reached skill level 8 in Axes
  2500 | D:4      | Reached XP level 7. HP: 8/41 MP: 8/8
  2909 | D:4      | Found Beliowiocs's Weapon Shop.
  2986 | D:4      | Found a runed translucent door.
  2987 | D:4      | Noticed boopmooplesden's ghost (amateur DgGl)
  3002 | D:5      | Entered Level 5 of the Dungeon
  3401 | D:5      | Found a staircase to the Ecumenical Temple.
  3412 | Temple   | Entered the Ecumenical Temple
  3412 | Temple   | Found a transporter.
  3412 | Temple   | Found a transporter.
  3414 | Temple   | Found a transporter.
  3414 | Temple   | Found a transporter.
  3428 | Temple   | Became a worshipper of Warmaster Okawaru
  4343 | D:5      | Reached skill level 9 in Axes
  4828 | D:5      | Reached XP level 8. HP: 39/46 MP: 9/9
  4902 | D:5      | Reached skill level 10 in Axes
  5917 | D:6      | Reached * piety under Okawaru
  5918 | D:6      | Reached skill level 11 in Axes
  6661 | D:7      | Found Yqeus's Distillery.
  6678 | D:7      | Reached skill level 12 in Axes
  6681 | D:7      | Bought a potion of heal wounds for 70 gold pieces
  6745 | D:7      | Noticed a green ugly thing
  6761 | D:7      | Killed a green ugly thing
  6761 | D:7      | Reached ** piety under Okawaru
  6762 | D:7      | Reached XP level 9. HP: 17/50 MP: 7/10
  6764 | D:7      | Reached skill level 13 in Axes
  6884 | D:7      | Noticed Maggie
  6901 | D:7      | Killed Maggie
  7076 | D:7      | Found a flagged portal.
  7085 | Bailey   | Entered a bailey
  7242 | Bailey   | Reached *** piety under Okawaru
  7408 | Bailey   | Shot with a bolt by an orc

Illustrated notes

Levels and vault maps discovered:
D:1:      dpeg_arrival_tiny_i, layout_rooms, grunt_decor_fettered
D:2:      layout_loops_ring, nicolae_figureground_pulse
D:3:      layout_loops_ring, hellmonk_ecumenical_altar_zigzags, uniq_ijyb
D:4:      cheibrodos_old_hovel, layout_basic, gammafunk_ghost_grave,
          serial_shops, nicolae_shop_bloodbath_and_beyond
D:5:      layout_loops_corners, minmay_temple_entry_crystal_x, roderic_lattice_a
D:6:      layout_layer_cave
D:7:      layout_cave_pods, nicolae_ru_path_of_blood, serial_shops, shop,
          enter_bailey_5, uniq_maggie
Temple:   hellmonk_temple_divided_pantheon
Bailey:   bailey_polearm_2, bailey

Skill      XL: |  1  2  3  4  5  6  7  8  9 |
---------------+----------------------------+-----
Axes           | 4 6 8 9 12 13 | 13.9
Fighting       | |  3.0
Armour         | |  3.2
Shields        | |  3.0

Action                     |  1- 3 |  4- 6 |  7- 9 || total
---------------------------+-------+-------+-------++-------
  Melee: War axe           |    34 |       |    21 ||    55
         Kick              |    12 |    18 |    60 ||    90
         Peck              |     6 |     9 |    35 ||    50
         Hand axe          |    33 |    94 |    63 ||   190
         Flail             |       |       |   123 ||   123
  Throw: Dart              |       |       |     3 ||     3
 Invoke: Heroism           |       |       |     2 ||     2
  Evoke: Wand              |       |       |     7 ||     7
    Use: Potion            |       |     2 |     4 ||     6
         Scroll            |       |       |     1 ||     1
 Armour: Scale mail        |    35 |    38 |    11 ||    84
         Chain mail        |       |       |    80 ||    80
         Swamp dragon scal |       |       |     5 ||     5
  Dodge: Dodged            |    28 |    48 |   106 ||   182
  Block: Buckler           |    12 |    27 |    53 ||    92
